 Dungeon Crawl Stone Soup version 0.25.1-2-g60ff931df9 (webtiles) character file.

Game seed: 2805315554968877646

79 MajorAdolf the Skirmisher (level 4, 0/48 HPs)
             Began as a Naga Wanderer on Sept 18, 2020.
             Slain by an adder (3 damage)
             ... on level 2 of the Dungeon.
             The game lasted 00:03:02 (1808 turns).

MajorAdolf the Skirmisher (Naga Wanderer)           Turns: 1808, Time: 00:03:03

Health: 0/48       AC:  4    Str: 13    XL:     4   Next: 38%
Magic:  4/4        EV:  8    Int: 16    God:
Gold:   38         SH:  0    Dex:  9    Spells: 3/3 levels left

rFire    . . .     SeeInvis +   a - +2 falchion
rCold    . . .     Gourm    .   (no shield)
rNeg     . . .     Faith    .   b - +0 ring mail
rPois    +         Spirit   .   (no helmet)
rElec    .         Reflect  .   (no cloak)
rCorr    .         Harm     .   (no gloves)
MR       .....                  (no barding)
Stlth    +.........             (no amulet)
HPRegen  0.16/turn              (no ring)
MPRegen  0.09/turn              (no ring)

@: short of breath, very slow
A: large, see invisible, deformed body, poison resistance, slowness 2, slow
metabolism 1, spit poison 1, AC +1
a: Spit Poison


You were on level 2 of the Dungeon.
You were very hungry.

You visited 1 branch of the dungeon, and saw 2 of its levels.

You collected 38 gold pieces.

Inventory:

Hand Weapons
 a - a +2 falchion (weapon)
Missiles
 g - 4 curare-tipped darts (quivered)
Armour
 b - a +0 ring mail (worn)
Potions
 h - a potion of stabbing
Comestibles
 d - 4 rations


   Skills:
 + Level 5.6 Fighting
 - Level 2.0 Long Blades
 - Level 1.0 Throwing
 - Level 1.0 Armour
 - Level 2.0 Stealth
   Level 1.0 Shields


You had 3 spell levels left.
You didn't know any spells.
Your spell library was empty.

Dungeon Overview and Level Annotations

Branches:
Dungeon (2/15)

Altars:
The Shining One

Annotations:
D:2 Natasha, Terence


Innate Abilities, Weirdness & Mutations

You cannot wear boots.
Your serpentine skin is tough. (AC +1)
You have supernaturally acute eyesight. (SInv)
Armour fits poorly on your strangely shaped body.
Your system is resistant to poisons. (rPois)
You cover ground very slowly.
You have a slow metabolism.
You can spit poison.


Message History

The adder hisses angrily.
Unknown command.
The kobold hits you but does no damage.
Throwing (i - inventory)
g - 6 curare-tipped darts (quivered)
Press: ? - help, Shift-Dir - straight line, f - adder, p - kobold
Aim: an adder You throw a curare-tipped dart.
The curare-tipped dart closely misses the adder.
The kobold hits you with a +0 short sword.
* * * LOW HITPOINT WARNING * * *
Terence hits you with a +0 flail.
* * * LOW HITPOINT WARNING * * *
Throwing (i - inventory)
g - 5 curare-tipped darts (quivered)
Press: ? - help, Shift-Dir - straight line, f/p - adder
Aim: an adder You throw a curare-tipped dart.
The curare-tipped dart closely misses the adder.
You are feeling very hungry.
The kobold hits you but does no damage. The adder bites you.
You die...

.. ##.##
##(..##
##.....##
#.......#
#..._...#
#.....S.#
#..(K@#
##..@##
#####


You could see Terence (very poisoned, slow), an adder and a kobold.

Vanquished Creatures
  4 gnolls
  4 giant cockroaches (D:1)
  4 goblins (D:1)
  3 hobgoblins
  4 jackals (D:1)
  8 kobolds (D:1)
  A ball python (D:1)
  6 bats
  A frilled lizard (D:1)
  3 rats (D:1)
38 creatures vanquished.

Notes
Turn   | Place    | Note
-------+----------+-------------------------------------------
     0 | D:1      | MajorAdolf the Naga Wanderer began the quest for the Orb.
     0 | D:1      | MajorAdolf set off with the following items: a +2 falchion,
                  | a +0 ring mail, a potion of curing, a ration
     0 | D:1      | Reached XP level 1. HP: 22/22 MP: 1/1
   131 | D:1      | Reached XP level 2. HP: 14/30 MP: 2/2
   794 | D:1      | Reached XP level 3. HP: 34/38 MP: 3/3
  1116 | D:1      | Reached skill level 5 in Fighting
  1213 | D:2      | Noticed Natasha
  1260 | D:2      | Noticed a gnoll sergeant
  1413 | D:1      | Reached XP level 4. HP: 41/46 MP: 4/4
  1781 | D:1      | HP: 2/46 [gnoll sergeant/+2 spear of flaming (2)]
  1801 | D:2      | Found a glowing golden altar of the Shining One.
  1801 | D:2      | Noticed Terence
  1808 | D:2      | Slain by an adder

Illustrated notes

Levels and vault maps discovered:
D:1:      roderic_chinese_lattice_arrival, layout_basic, serial_bayou_pond_c
D:2:      layout_rooms, nicolae_dithmenos_through_a_glass_darkly,
          eat_drink_and_be_merry_uskayaw, lemuel_round_altar, uniq_natasha,
          uniq_terence

Skill      XL: |  1  2  3 |
---------------+----------+-----
Stealth        | 2 |  2.0
Fighting       | 5 |  5.6
Long Blades    | |  2.0
Throwing       | |  1.0
Armour         | |  1.0
Shields        | |  1.0

Action                   |  1- 3 |  4- 6 || total
-------------------------+-------+-------++-------
Melee: Falchion          |    77 |    11 ||    88
Throw: Dart              |       |     3 ||     3
 Abil: Spit Poison       |       |     5 ||     5
  Use: Scroll            |       |     2 ||     2
       Potion            |       |     1 ||     1
  Eat: Chunk             |     1 |       ||     1
Armor: Ring mail         |    46 |     9 ||    55
Dodge: Dodged            |    38 |    14 ||    52
       Rpst.: Falchion   |    15 |     4 ||    19
